 Dungeon Crawl Stone Soup version 0.17-a0-1882-g750edc8 (webtiles) character file.

81 barthelm the Skirmisher (level 4, -2/29 HPs)
             Began as a Gargoyle Berserker on Sept 22, 2015.
             Was a Believer of Trog.
             Killed from afar by Sigmund (5 damage)
             ... with a wand of magic darts
             ... on level 2 of the Dungeon.
             The game lasted 00:04:47 (1280 turns).

barthelm the Skirmisher (Gargoyle Berserker)        Turns: 1280, Time: 00:04:47

Health: -2/29      AC:  5    Str: 22    XL:     4   Next: 42%
Magic:  4/4        EV: 12    Int:  7    God:    Trog [**....]
Gold:   150        SH:  0    Dex:  9    Spells: 0 memorised, 3 levels left

rFire  . . .     SeeInvis .     a - +0 mace
rCold  . . .     Clarity  .     b - +0 animal skin
rNeg   + . .     SustAt   .     (no shield)
rPois  ∞         Gourm    .     (no helmet)
rElec  +         Spirit   .     (no cloak)
rCorr  .         Warding  .     (no gloves)
rMut   .         Stasis   .     (no boots)
MR     ++...                    (no amulet)
Stlth  +.........               (no ring)
                                (no ring)

@: regenerating, very resistant to hostile enchantments, very unstealthy
A: negative energy resistance 1, electricity resistance, unbreathing,
petrification resistance, rot immunity, AC +3
a: Burn Spellbooks, Berserk, Trog's Hand, Renounce Religion


You were on level 2 of the Dungeon.
You worshipped Trog.
Trog was pleased with you.
You were not hungry.

You visited 1 branch of the dungeon, and saw 2 of its levels.

You collected 150 gold pieces.

Inventory:

Hand weapons
 a - a +0 mace (weapon)
Missiles
 f - 85 stones (quivered)
Armour
 b - a +0 animal skin (worn)
Jewellery
 l - a +5 ring of evasion {unknown}
Scrolls
 g - 2 scrolls of teleportation {unknown}
 i - a scroll of fear {unknown}
 j - 2 scrolls of remove curse {unknown}
 k - a scroll of recharging {unknown}
 n - a scroll of identify {unknown}
Potions
 d - a potion of invisibility {unknown}
 e - a potion of heal wounds {unknown}
 h - 2 potions of brilliance {unknown}
Comestibles
 c - 4 bread rations
 m - a chunk of flesh


   Skills:
 + Level 3.8 Fighting
 + Level 3.3 Maces & Flails
 - Level 0.2 Throwing
 * Level 2.8 Armour
 + Level 2.7 Dodging


You had 3 spell levels left.
You didn't know any spells.

Dungeon Overview and Level Annotations

Branches:
Dungeon (2/15)

Altars:

Annotations:
D:2 Sigmund


Innate Abilities, Weirdness & Mutations

You are resistant to torment.
Your stone body is resilient (AC +3).
You are immune to poison.
You resist negative energy.
You are resistant to electric shocks.
You can survive without breathing.
You are immune to petrification.
You are immune to rotting.


Message History

A magic dart appears from out of thin air!
The magic dart hits you!
* * * LOW HITPOINT WARNING * * *
You're too confused!
You feel less confused.
You hear some strange, mumbled words.
A puff of flame appears from out of thin air!
The puff of flame misses you.
Use which ability?
Your skin crawls.
You feel resistant to hostile enchantments.
You feel slightly more hungry.
You hear a zap.
A magic dart appears from out of thin air!
The magic dart hits you!
* * * LOW HITPOINT WARNING * * *
You hear a zap.
A magic dart appears from out of thin air!
The magic dart hits you!
You die...

.#.###.)...#.#.##.#..#.#.#.†
# #.....#.#.# #..#.#<#..
###.###.#.# #..#...#.. #.#
#.#.# #.÷###.#.. #.# #.#.#
#......#.. .# #.#.#
#......### #.#.# #......# #
########.#.####.###### #
....(.{@..).....#
.....#.....###### ...
#.....# # #.....# #.....#
#.....# #######


There were no monsters in sight!

Vanquished Creatures
  4 adders (D:2)
  2 oozes (D:1)
  2 ball pythons
  8 bats
  4 giant cockroaches (D:1)
  3 goblins
  A hobgoblin (D:1)
  3 jackals (D:1)
  A giant newt (D:1)
  6 kobolds
  3 rats (D:1)
37 creatures vanquished.

Notes
Turn   | Place    | Note
--------------------------------------------------------------
     0 | D:1      | barthelm the Gargoyle Berserker began the quest for the Orb.
     0 | D:1      | Reached XP level 1. HP: 14/14 MP: 1/1
   183 | D:1      | Reached XP level 2. HP: 14/19 MP: 2/2
   422 | D:1      | Reached XP level 3. HP: 15/24 MP: 3/3
   428 | D:1      | Acquired Trog's second power
   999 | D:2      | Reached XP level 4. HP: 25/29 MP: 4/4
  1270 | D:2      | Noticed Sigmund
  1280 | D:2      | Killed from afar by Sigmund

Vault maps used:
D:1:      dpeg_arrival_windows_large_door
D:2:      first_bread, minmay_misc_feat_rows, minmay_misc_feat_roman,
          uniq_sigmund

Action                   |  1- 3 |  4- 6 || total
-------------------------+-------+-------++-------
Melee: Mace              |    92 |    31 ||   123
Throw: Stone             |    59 |    14 ||    73
Invok: Trog's Hand       |       |     1 ||     1
 Stab: Sleeping          |     1 |       ||     1
  Eat: Chunk             |       |     1 ||     1
